PA
PHOENIX HOTSPUR U-21 @ PROVO MANGO
07/14/2032
 
TOP OF THE 1ST
Phoenix Hotspur U-21 batting - Pitching for Provo Mango : LHP Isaaka Ienimea
Pitching: LHP Isaaka Ienimea
Batting: LHB Phil Mazzeo 0-0: Ball
1-0: Ball
2-0: SINGLE (Groundball, 23) (infield hit)
Batting: RHB Terry MacDonald 0-0: Foul Ball, location: 2F
0-1: Ground out U3 (Groundball, 3S)
Phil Mazzeo to second
Batting: RHB Martín Talia 0-0: Ball
1-0: Called Strike
1-1: SINGLE (Flyball, 7S)
Phil Mazzeo to third
Batting: RHB Greg Billingsley 0-0: Called Strike
0-1: Ball
1-1: Ball
2-1: Foul Ball, location: 2F
2-2: Ball
3-2: Strikes out swinging
Batting: LHB Carlos Rodríguez 0-0: Swinging Strike
0-1: Swinging Strike
0-2: Ball
1-2: Strikes out swinging
Top of the 1st over - 0 runs, 2 hits, 0 errors, 2 left on base; Phoenix 0 - Provo 0
BOTTOM OF THE 1ST
Provo Mango batting - Pitching for Phoenix Hotspur U-21 : LHP Felipe Filipe
Pitching: LHP Felipe Filipe
Batting: RHB Daniel Woods 0-0: Ground out 5-3 (Groundball, 56)
Batting: LHB Tom Haymon 0-0: Ball
1-0: Ball
2-0: Foul Ball, location: 2F
2-1: Foul Ball, location: 2F
2-2: Fly out, F9 (Line Drive, 9)
Batting: RHB Freedon Akinmoladun 0-0: Ball
1-0: Swinging Strike
1-1: Ball
2-1: Fly out, F9 (Line Drive, 9S)
Bottom of the 1st over - 0 runs, 0 hits, 0 errors, 0 left on base; Phoenix 0 - Provo 0
TOP OF THE 2ND
Phoenix Hotspur U-21 batting - Pitching for Provo Mango : LHP Isaaka Ienimea
Batting: LHB Dinand Rehling 0-0: Called Strike
0-1: Called Strike
0-2: Strikes out swinging
Batting: RHB Félix Sosa 0-0: Called Strike
0-1: Foul Ball, location: 2F
0-2: Strikes out swinging
Batting: RHB Juan Vigil 0-0: Called Strike
0-1: Ball
1-1: Foul Ball, location: 2F
1-2: Strikes out swinging
Top of the 2nd over - 0 runs, 0 hits, 0 errors, 0 left on base; Phoenix 0 - Provo 0
BOTTOM OF THE 2ND
Provo Mango batting - Pitching for Phoenix Hotspur U-21 : LHP Felipe Filipe
Batting: RHB Alfonso Cabedo 0-0: Foul Ball, location: 2F
0-1: SINGLE (Groundball, 6MD)
Batting: LHB Juan Ramírez 0-0: Swinging Strike
0-1: Ball
1-1: Called Strike
1-2: Ball
2-2: Strikes out swinging
Alfonso Cabedo steals 2nd base
Batter strikes out.
Batting: RHB Rocky Zolman 0-0: Ball
1-0: DOUBLE (Groundball, 3L)
Alfonso Cabedo scores
Batting: LHB Matt Palmer 0-0: Ball
1-0: Ground out 6-3 (Groundball, 56)
Batting: RHB Alejandro Mingo 0-0: Ball
1-0: Foul Ball, location: 2F
1-1: Ball
2-1: Called Strike
2-2: Ball
3-2: Base on Balls
Batting: LHB Bartolo Vega 0-0: Ball
1-0: SINGLE (Groundball, 4D)
Rocky Zolman to third
Alejandro Mingo to second
Runner from 3rd tries for Home, SAFE, throw made home
Batting: RHB Daniel Woods 0-0: Ball
1-0: Fly out, F5 (Line Drive, 56S)
Bottom of the 2nd over - 2 runs, 3 hits, 0 errors, 2 left on base; Phoenix 0 - Provo 2
TOP OF THE 3RD
Phoenix Hotspur U-21 batting - Pitching for Provo Mango : LHP Isaaka Ienimea
Batting: RHB Toby Bruce 0-0: Ball
1-0: Ball
2-0: Ball
3-0: Called Strike
3-1: Swinging Strike
3-2: Base on Balls
Batting: LHB Phil Mazzeo 0-0: Called Strike
0-1: Called Strike
0-2: Ground out U3 (Groundball, 3S)
Toby Bruce to second
Batting: RHB Terry MacDonald 0-0: Swinging Strike
0-1: Ball
1-1: Ball
2-1: SINGLE (Line Drive, 6M)
Toby Bruce to third
Batting: RHB Martín Talia 0-0: Ball
Terry MacDonald steals 2nd base
1-0: Called Strike
1-1: Fly out, F7 (Flyball, 7S)
Runner from 3rd tags up, SCORES, no throw
Batting: RHB Greg Billingsley 0-0: Ball
1-0: Called Strike
1-1: Swinging Strike
1-2: Strikes out looking
Top of the 3rd over - 1 run, 1 hit, 0 errors, 1 left on base; Phoenix 1 - Provo 2
BOTTOM OF THE 3RD
Provo Mango batting - Pitching for Phoenix Hotspur U-21 : LHP Felipe Filipe
Batting: LHB Tom Haymon 0-0: Ball
1-0: Ball
2-0: Ball
3-0: Called Strike
3-1: Foul Ball, location: 2F
3-2: Base on Balls
Batting: RHB Freedon Akinmoladun 0-0: Called Strike
0-1: Foul Ball, location: 2F
0-2: Ball
1-2: SINGLE (Line Drive, 6MD)
Tom Haymon to second
Batting: RHB Alfonso Cabedo 0-0: Ball
1-0: SINGLE (Groundball, 6MD)
Tom Haymon to third
Freedon Akinmoladun to second
Runner from 3rd tries for Home, SAFE, throw made home
Batting: LHB Juan Ramírez 0-0: Ball
1-0: Called Strike
1-1: Foul Ball, location: 2F
1-2: Fly out, F3 (Line Drive, 34)
Batting: RHB Rocky Zolman 0-0: Ball
1-0: Called Strike
1-1: Ball
2-1: Called Strike
2-2: Foul Ball, location: 2F
2-2: Ball
3-2: Foul Ball, location: 2F
3-2: Foul Ball, location: 2F
3-2: Base on Balls
Freedon Akinmoladun to third
Alfonso Cabedo to second
Batting: LHB Matt Palmer 0-0: Ball
1-0: Swinging Strike
1-1: Ball
2-1: Foul Ball, location: 2F
2-2: Foul Ball, location: 2F
2-2: Foul Ball, location: 2F
2-2: Ground out 3-1 (Groundball, 23)
Freedon Akinmoladun scores
Alfonso Cabedo to third
Rocky Zolman to second
Batting: RHB Alejandro Mingo 0-0: Fly out, F6 (Line Drive, 6M)
Bottom of the 3rd over - 2 runs, 2 hits, 0 errors, 2 left on base; Phoenix 1 - Provo 4
TOP OF THE 4TH
Phoenix Hotspur U-21 batting - Pitching for Provo Mango : LHP Isaaka Ienimea
Batting: LHB Carlos Rodríguez 0-0: Ball
1-0: Foul Ball, location: 2F
1-1: Fly out, F7 (Flyball, 7)
Batting: LHB Dinand Rehling 0-0: Called Strike
0-1: Foul Ball, location: 2F
0-2: Ground out 6-3 (Groundball, 6M)
Batting: RHB Félix Sosa 0-0: Swinging Strike
0-1: Ball
1-1: Swinging Strike
1-2: Strikes out swinging, 2-3 out at first.
Top of the 4th over - 0 runs, 0 hits, 0 errors, 0 left on base; Phoenix 1 - Provo 4
BOTTOM OF THE 4TH
Provo Mango batting - Pitching for Phoenix Hotspur U-21 : LHP Felipe Filipe
Batting: LHB Bartolo Vega 0-0: Swinging Strike
0-1: Ground out U3 (Groundball, 3)
Batting: RHB Daniel Woods 0-0: Ground out 4-3 (Groundball, 4M)
Batting: LHB Tom Haymon 0-0: SINGLE (Groundball, 34D)
Batting: RHB Freedon Akinmoladun 0-0: Foul Ball, location: 2F
0-1: Fly out, F9 (Flyball, 9)
Bottom of the 4th over - 0 runs, 1 hit, 0 errors, 1 left on base; Phoenix 1 - Provo 4
TOP OF THE 5TH
Phoenix Hotspur U-21 batting - Pitching for Provo Mango : LHP Isaaka Ienimea
Batting: RHB Juan Vigil 0-0: Swinging Strike
0-1: Swinging Strike
0-2: Ball
1-2: Foul Ball, location: 2F
1-2: Strikes out swinging
Batting: RHB Toby Bruce 0-0: Called Strike
0-1: Called Strike
0-2: Ball
1-2: Foul Ball, location: 2F
1-2: Strikes out swinging
Batting: LHB Phil Mazzeo 0-0: Ball
1-0: Ball
2-0: Ball
3-0: Foul Ball, location: 2F
3-1: Ground out 6-3 (Groundball, 6)
Top of the 5th over - 0 runs, 0 hits, 0 errors, 0 left on base; Phoenix 1 - Provo 4
BOTTOM OF THE 5TH
Provo Mango batting - Pitching for Phoenix Hotspur U-21 : LHP Felipe Filipe
Batting: RHB Alfonso Cabedo 0-0: Swinging Strike
0-1: Foul Ball, location: 2F
0-2: Strikes out looking
Batting: LHB Juan Ramírez 0-0: Swinging Strike
0-1: Called Strike
0-2: Ball
1-2: Foul Ball, location: 2F
1-2: SINGLE (Groundball, 4MD)
Batting: RHB Rocky Zolman 0-0: Ball
1-0: Called Strike
1-1: Fielders Choice at 2nd, 5-4 (Groundball, 5)
Batting: LHB Matt Palmer 0-0: Called Strike
0-1: Foul Ball, location: 2F
0-2: Ball
1-2: Ball
2-2: Ball
3-2: Ground out 4-3 (Groundball, 34D)
Bottom of the 5th over - 0 runs, 1 hit, 0 errors, 1 left on base; Phoenix 1 - Provo 4
TOP OF THE 6TH
Phoenix Hotspur U-21 batting - Pitching for Provo Mango : LHP Isaaka Ienimea
Batting: RHB Terry MacDonald 0-0: Ball
1-0: Called Strike
1-1: Ground out 6-3 (Groundball, 56)
Batting: RHB Martín Talia 0-0: Called Strike
0-1: Ground out 5-3 (Groundball, 56S)
Batting: RHB Greg Billingsley 0-0: Foul Ball, location: 2F
0-1: Called Strike
0-2: Ground out 3-1 (Groundball, 34)
Top of the 6th over - 0 runs, 0 hits, 0 errors, 0 left on base; Phoenix 1 - Provo 4
BOTTOM OF THE 6TH
Provo Mango batting - Pitching for Phoenix Hotspur U-21 : LHP Felipe Filipe
Batting: RHB Alejandro Mingo 0-0: DOUBLE (Line Drive, 78XD)
Pinch Runner at 2nd Nicol van Gorp:
Batting: LHB Bartolo Vega 0-0: Intentional Walk
Batting: RHB Daniel Woods 0-0: Ball
1-0: Foul Ball, location: 2F
1-1: Grounds into double play, 6-4-3 (Groundball, 6)
Nicol van Gorp to third
Batting: LHB Tom Haymon 0-0: Fly out, F4 (Popup, 4M)
Bottom of the 6th over - 0 runs, 1 hit, 0 errors, 1 left on base; Phoenix 1 - Provo 4
TOP OF THE 7TH
Phoenix Hotspur U-21 batting - Pitching for Provo Mango : LHP Isaaka Ienimea
Batting: LHB Carlos Rodríguez 0-0: Foul Ball, location: 2F
0-1: Ball
1-1: Called Strike
1-2: Strikes out swinging
Batting: LHB Dinand Rehling 0-0: Called Strike
0-1: Ball
1-1: Called Strike
1-2: Ball
2-2: Strikes out swinging
Batting: RHB Félix Sosa 0-0: Ball
1-0: Foul Ball, location: 2F
1-1: Ball
2-1: Ground out 6-3 (Groundball, 56)
Top of the 7th over - 0 runs, 0 hits, 0 errors, 0 left on base; Phoenix 1 - Provo 4
BOTTOM OF THE 7TH
Provo Mango batting - Pitching for Phoenix Hotspur U-21 : LHP Felipe Filipe
Batting: RHB Freedon Akinmoladun 0-0: Foul Ball, location: 2F
0-1: Ball
1-1: Foul Ball, location: 2F
1-2: Ball
2-2: Foul Ball, location: 2F
2-2: Ball
3-2: Ground out 4-3 (Groundball, 4)
Batting: RHB Alfonso Cabedo 0-0: Ball
1-0: Foul Ball, location: 2F
1-1: Foul Ball, location: 2F
1-2: Ball
2-2: SOLO HOME RUN (Flyball, 7LD), Distance : 386 ft
Pitching: RHP Rex Loggins
Batting: LHB Juan Ramírez 0-0: Ball
1-0: Ball
2-0: Ball
3-0: Base on Balls
Batting: RHB Rocky Zolman 0-0: Called Strike
0-1: Ball
1-1: Ball
Wild Pitch!
Juan Ramírez to second
2-1: Called Strike
2-2: Foul Ball, location: 2F
2-2: SINGLE (Groundball, 56S) (infield hit)
Juan Ramírez to third
Batting: LHB Matt Palmer 0-0: Ball
1-0: Called Strike
1-1: Swinging Strike
1-2: Strikes out swinging
Batting: LHB Nicol van Gorp 0-0: Called Strike
0-1: Ground out 4-3 (Groundball, 4)
Bottom of the 7th over - 1 run, 2 hits, 0 errors, 2 left on base; Phoenix 1 - Provo 5
TOP OF THE 8TH
Phoenix Hotspur U-21 batting - Pitching for Provo Mango : LHP Isaaka Ienimea
Batting: RHB Juan Vigil 0-0: Foul Ball, location: 2F
0-1: Ball
1-1: Called Strike
1-2: Strikes out looking
Batting: RHB Toby Bruce 0-0: Ball
1-0: Foul Ball, location: 2F
1-1: Ball
2-1: Ground out 6-3 (Groundball, 6)
Batting: LHB Phil Mazzeo 0-0: Called Strike
0-1: Swinging Strike
0-2: Strikes out swinging
Top of the 8th over - 0 runs, 0 hits, 0 errors, 0 left on base; Phoenix 1 - Provo 5
BOTTOM OF THE 8TH
Provo Mango batting - Pitching for Phoenix Hotspur U-21 : RHP Rex Loggins
Batting: LHB Bartolo Vega 0-0: Called Strike
0-1: Ball
1-1: Called Strike
1-2: Ball
2-2: Foul Ball, location: 2F
2-2: Foul Ball, location: 2F
2-2: Strikes out looking
Batting: RHB Daniel Woods 0-0: Called Strike
0-1: Ball
1-1: Foul Ball, location: 2F
1-2: Strikes out swinging
Batting: LHB Tom Haymon 0-0: Ball
1-0: Foul Ball, location: 2F
1-1: Foul Ball, location: 2F
1-2: Ball
2-2: Ball
3-2: Base on Balls
Batting: RHB Freedon Akinmoladun 0-0: Foul Ball, location: 2F
0-1: Called Strike
0-2: Ball
1-2: Ball
2-2: Fly out, F7 (Flyball, 7LMF)
Bottom of the 8th over - 0 runs, 0 hits, 0 errors, 1 left on base; Phoenix 1 - Provo 5
TOP OF THE 9TH
Phoenix Hotspur U-21 batting - Pitching for Provo Mango : LHP Isaaka Ienimea
Batting: RHB Terry MacDonald 0-0: Ground out 4-3 (Groundball, 4)
Batting: RHB Martín Talia 0-0: Called Strike
0-1: Ball
1-1: Fly out, F9 (Flyball, 9LS)
Batting: RHB Greg Billingsley 0-0: Ball
1-0: Ball
2-0: Foul Ball, location: 2F
2-1: Ground out 6-3 (Groundball, 56)
Top of the 9th over - 0 runs, 0 hits, 0 errors, 0 left on base; Phoenix 1 - Provo 5
Wednesday, September 19th, 2018 - OOTP Baseball 18.8 Build 76